 Dungeon Crawl Stone Soup version 0.30-a0-6-g7c9e10e132 (webtiles) character file.

Game seed: 15649686604249747701

368 ytrimaz the Insei (level 6, -1/48 HPs)
             Began as a Demonspawn Monk on Aug 22, 2022.
             Was a Believer of Makhleb.
             Splashed by a jelly's acid (5 damage)
             ... on level 5 of the Dungeon.
             The game lasted 00:05:14 (4099 turns).

ytrimaz the Insei (Demonspawn Monk)                 Turns: 4099, Time: 00:05:15

Health: -1/48      AC: -10   Str: 12    XL:     6   Next: 41%
Magic:  6/6        EV: 13    Int: 13    God:    Makhleb [**....]
Gold:   251        SH:  9    Dex: 15    Spells: 5/5 levels left

rFire   . . .      SeeInvis .      - Unarmed
rCold   . . .      Faith    .    (no shield)
rNeg    . . .      Spirit   .    a - +1 robe
rPois   .          Reflect  +    (helmet restricted)
rElec   .          Harm     .    b - +2 cloak
rCorr   .          Rampage  .    (no gloves)
Will    .....                    (no boots)
Stlth   +.........               k - amulet of reflection
HPRegen 0.16/turn                (no ring)
MPRegen 0.10/turn                (no ring)

@: silenced, corroded
A: antennae 1, hooves 2, condensation shield, demonic touch 1
a: Renounce Religion


You were on level 5 of the Dungeon.
You worshipped Makhleb.
Makhleb was pleased with you.
You visited 2 branches of the dungeon, and saw 6 of its levels.

You collected 251 gold pieces.

Inventory:

Armour
 a - a +1 robe (worn)
 b - a +2 cloak (worn)
Jewellery
 k - an amulet of reflection (around neck)
Wands
 q - a wand of paralysis (2)
Scrolls
 m - 4 scrolls of teleportation {unknown}
 o - a scroll of torment {unknown}
 p - a scroll of identify
Potions
 c - 3 potions of degeneration {unknown}
 d - 3 potions of haste
 e - a potion of magic {unknown}
 f - a potion of curing {unknown}
 g - 2 potions of brilliance {unknown}
 h - a potion of ambrosia
 i - a potion of might {unknown}
 j - a potion of berserk rage {unknown}
 l - a potion of heal wounds {unknown}


   Skills:
 * Level 4.3 Fighting
 + Level 4.1 Dodging
 - Level 1.7 Stealth
 - Level 0.2 Shields
 + Level 5.0 Unarmed Combat


You had 5 spell levels left.
You didn't know any spells.
Your spell library contained the following spells:

 Spells                   Type           Power      Damage    Failure   Level
 Dazzling Flash           Conj/Hex       0%         N/A       67%         3
 Gell's Gravitas          Tloc           0%         N/A       67%         3
 Lesser Beckoning         Tloc           0%         N/A       67%         3
 Teleport Other           Tloc           0%         N/A       67%         3
 Agony                    Necr           0%         N/A       100%        5
 Silence                  Hex/Air        0%         N/A       100%        5


Dungeon Overview and Level Annotations

Branches:
Dungeon (5/15)             Temple (1/1) D:4

Altars:
Ashenzari
Cheibriados
Dithmenos
Fedhas
Hepliaklqana
Kikubaaqudgha
Makhleb
Nemelex Xobeh
Qazlal
Ru
Trog
Uskayaw
Vehumet
Wu Jian
Xom


Innate Abilities, Weirdness & Mutations

You have a pair of small antennae on your head.
You have hoof-like feet.
A meltable shield of frost defends you. (SH +4)
Your touch may inflict minor irresistible damage on your foes.


Message History

No reachable target in view!
No reachable target in view!
Why would you want to do that?
The jelly quivers.
The jelly closely misses you. The jelly hits you but does no damage.
You hit the jelly. The acid corrodes you!
Your hands burn!
The jelly is moderately wounded.
The jelly closely misses you. The jelly barely misses you.
You hit the jelly but do no damage. The acid corrodes you!
Your hands burn!
You kick the jelly, but do no damage.
You touch the jelly!
The jelly is severely wounded.
The jelly closely misses you.
You hit the jelly but do no damage.
Your hands burn!
The jelly is severely wounded.
The jelly hits you. The acid corrodes you!
You are splashed with acid!
The jelly hits you.
You are splashed with acid!
You are too injured to fight recklessly!
You hit the jelly.
Your hands burn!
You kick the jelly, but do no damage.
The jelly is almost dead.
The jelly hits you. The acid corrodes you!
You are splashed with acid.
* * * LOW HITPOINT WARNING * * *
You are too injured to fight recklessly!
You hit the jelly but do no damage.
Your hands burn!
* * * LOW HITPOINT WARNING * * *
You kick the jelly, but do no damage.
The jelly is almost dead.
You block the jelly's attack.
You hit the jelly but do no damage.
Your hands burn!
* * * LOW HITPOINT WARNING * * *
The jelly is almost dead.
You block the jelly's attack.
Unknown command.
Okay, then.
As you read the scroll labelled SUOREN OCKUKOT, it crumbles to dust.
A profound silence engulfs you.
It was a scroll of silence.
The jelly hits you.
* * * LOW HITPOINT WARNING * * *
You are splashed with acid.
You die...

#. # #.#.### #.
#.#...### #.
##.#.#...#
..#........#
.#.§.8.≈..#
..≈...≈..#
#########.≈≈.≈≈.@#
..........§§§§≈.J#
#########.§§§§§§)#
.#### #§§§§§§§.#
....# #.≈≈§§§.##
...>#####..§§§§.#
.......##.....§.#
.......###..#####
.......# #.##


You could see a jelly.

Vanquished Creatures
  2 scorpions (D:5)
  2 hounds (D:4)
  Ijyb (D:5)
  An iguana (D:5)
  3 gnolls (D:5)
  2 adders
  3 dart slugs
  2 orcs
  6 ball pythons
  8 endoplasms
  3 giant cockroaches (D:1)
  9 hobgoblins
  2 jackals (D:1)
  2 quokkas
  10 bats
  2 frilled lizards
  9 goblins
  9 kobolds
  6 rats
  A spectral orc (D:5)
83 creatures vanquished.

Notes
Turn   | Place    | Note
-------+----------+-------------------------------------------
     0 | D:1      | ytrimaz the Demonspawn Monk began the quest for the Orb.
     0 | D:1      | Reached XP level 1. HP: 18/18 MP: 1/1
    68 | D:1      | Found a faded altar of an unknown god.
   248 | D:1      | Discovered your monstrous ancestry.
   248 | D:1      | Gained mutation: Your touch may inflict minor irresistible
                  | damage on your foes. [demonic ancestry]
   248 | D:1      | Reached XP level 2. HP: 9/24 MP: 2/2
   542 | D:1      | Reached skill level 3 in Unarmed Combat
  1064 | D:1      | Gained mutation: You have large cloven feet. [demonic
                  | ancestry]
  1064 | D:1      | Reached XP level 3. HP: 29/29 MP: 3/3
  1553 | D:2      | Gained mutation: A meltable shield of frost defends you.
                  | (SH +4) [demonic ancestry]
  1553 | D:2      | Reached XP level 4. HP: 35/35 MP: 4/4
  2868 | D:4      | Reached skill level 4 in Unarmed Combat
  2868 | D:4      | Gained mutation: You have hoof-like feet. [demonic
                  | ancestry]
  2868 | D:4      | Reached XP level 5. HP: 38/42 MP: 5/5
  3053 | D:4      | Found a staircase to the Ecumenical Temple.
  3096 | Temple   | Entered the Ecumenical Temple
  3201 | Temple   | Became a worshipper of Makhleb the Destroyer
  3201 | Temple   | Reached * piety under Makhleb
  3201 | Temple   | Reached ** piety under Makhleb
  3418 | D:5      | Entered Level 5 of the Dungeon
  3465 | D:5      | Found a radiant altar of Vehumet.
  3626 | D:5      | Gained mutation: You have a pair of small antennae on your
                  | head. [demonic ancestry]
  3626 | D:5      | Reached XP level 6. HP: 37/48 MP: 6/6
  3868 | D:5      | Found a broken altar of Ashenzari.
  3973 | D:5      | Found a hazy altar of Hepliaklqana.
  4018 | D:5      | Noticed Ijyb
  4031 | D:5      | Killed Ijyb
  4032 | D:5      | Reached skill level 5 in Unarmed Combat
  4072 | D:5      | Found a sparkling altar of Nemelex Xobeh.
  4099 | D:5      | Splashed by a jelly's acid

Illustrated notes

Levels and vault maps discovered:
D:1:      minmay_arrival_hallway, layout_basic,
          hellmonk_ecumenical_altar_dog_temple
D:2:      layout_rooms, kennysheep_generic_room_12
D:3:      layout_basic, serial_curves, eino_curves_02, eino_curves_04
D:4:      layout_cave_pools, temple_green, lemuel_old_faithful
D:5:      wander_river, layout_basic, nicolae_hepliaklqana_monster_ancestors,
          old_standard_altar, mainiacjoe_overflow_surrounded_room,
          mainiacjoe_overflow_catwalk, uniq_ijyb
Temple:   dshaligram_water_room_temple

Skill      XL: |  1  2  3  4  5  6 |
---------------+-------------------+-----
Dodging        | 3 4 |  4.1
Unarmed Combat | 3 4 5 |  5.0
Fighting       | 4 |  4.3
Stealth        | |  1.7
Shields        | |  0.2

Action                   |  1- 3 |  4- 6 || total
-------------------------+-------+-------++-------
Melee: Unarmed           |   133 |   108 ||   241
       Punch             |     2 |     4 ||     6
       Touch             |    18 |    21 ||    39
       Kick              |    12 |    37 ||    49
  Use: Potion            |     1 |       ||     1
       Scroll            |     1 |     3 ||     4
 Stab: Sleeping          |     4 |     3 ||     7
Armor: Robe              |    55 |    20 ||    75
Dodge: Dodged            |   131 |    47 ||   178
Block: Other             |       |    30 ||    30

Table legend: (Time is in decaauts)
 A = Elapsed time spent in this place.
 B = Non-inter-level travel time spent in this place.
 C = Inter-level travel time spent in this place.
 D = Time resting spent in this place.
 E = Time spent auto-exploring this place.
 F = Levels seen in this place.
 G = Mean time per level.
                   A        B        C        D        E       F      G
               +--------+--------+--------+--------+--------+-----+--------+
         Total |   4087 |   3890 |    197 |      0 |   3192 |   6 |  681.2 |
       Dungeon |   3963 |   3813 |    150 |      0 |   3132 |   5 |  792.6 |
        Temple |    124 |     77 |     47 |      0 |     60 |   1 |  124.0 |
               +--------+--------+--------+--------+--------+-----+--------+

Top non-repeatable levels by time:
     D:1: 1202 daAuts
     D:3: 940 daAuts
     D:5: 678 daAuts
     D:4: 603 daAuts
     D:2: 538 daAuts
  Temple: 124 daAuts
